 Dungeon Crawl Stone Soup version 0.19-a0-627-g7ac35de (webtiles) character file.

8 Niuu the Magician (level 2, -2/13 HPs)
             Began as a Spriggan Wizard on June 13, 2016.
             Slain by a hobgoblin (6 damage)
             ... on level 2 of the Dungeon.
             The game lasted 00:02:30 (301 turns).

Niuu the Magician (Spriggan Wizard)                  Turns: 301, Time: 00:02:31

Health: -2/13      AC:  2    Str:  3    XL:     2   Next: 0%
Magic:  0/8        EV: 18    Int: 19    God:
Gold:   21         SH:  0    Dex: 14    Spells: 1 memorised, 8 levels left

rFire  . . .     SeeInvis +     (weapon restricted)
rCold  . . .     Gourm    .     a - +0 robe
rNeg   . . .     Faith    .     (shield restricted)
rPois  .         Spirit   .     b - +0 hat
rElec  .         Dismiss  .     (no cloak)
rCorr  .         Reflect  .     (gloves unavailable)
SustAt .         Harm     .     (boots unavailable)
MR     .....                    (no amulet)
Stlth  ++........               (no ring)
                                (no ring)

@: very slightly contaminated, very quick, not resistant to hostile
enchantments, unstealthy
A: unfitting armour, see invisible, herbivore 3, speed 3, slow metabolism 2
a: no special abilities


You were on level 2 of the Dungeon.
You were not hungry.

You visited 1 branch of the dungeon, and saw 2 of its levels.

You collected 21 gold pieces.

Inventory:

Armour
 a - a +0 robe (worn)
 b - a +0 hat (worn)
Scrolls
 g - a scroll of noise
Books
 c - a book of Minor Magic

   Spells                             Type                      Level
   a - Magic Dart                     Conjuration                  1
   b - Blink                          Translocation                2
   c - Call Imp                       Summoning                    2
   d - Repel Missiles                 Charms/Air                   2
   e - Slow                           Hexes                        2
   f - Conjure Flame                  Conjuration/Fire             3
   g - Mephitic Cloud                 Conjuration/Poison/Air       3
Comestibles
 d - a bread ration


   Skills:
 - Level 3.0 Dodging
 - Level 3.0 Stealth
 - Level 4.0 Spellcasting
 + Level 1.4 Conjurations
   Level 0.7 Summonings
   Level 1.5 Translocations


You had 8 spell levels left.
You knew the following spells:

 Your Spells              Type           Power        Failure   Level  Hunger
z - Magic Dart            Conj           #...         10%         1    None


Dungeon Overview and Level Annotations

Branches:
Dungeon (2/15)

Altars:

Annotations:
D:2 Robin


Innate Abilities, Weirdness & Mutations

You are tiny and cannot use many weapons and most armour.
You have supernaturally acute eyesight. (SInv)
You are a herbivore.
You cover ground extremely quickly.
You need consume almost no food.


Message History

Casting: Magic Dart
Confirm with . or Enter, or press ? or * to list all spells.
Aiming: Magic Dart
Press: ? - help, Shift-Dir - straight line, f - hobgoblin
Aim: a hobgoblin (grey smoke, unusually strong)
The magic dart hits the hobgoblin.
The hobgoblin closely misses you.
You aren't carrying any potions.
You hit the hobgoblin but do no damage.
The hobgoblin no longer looks unusually strong.
The hobgoblin barely misses you. The hobgoblin completely misses you.
You hit the hobgoblin but do no damage. The hobgoblin completely misses you.
The rat twitches its whiskers.
The hobgoblin closely misses you.
Robin roars a battlecry!
The hobgoblin goes into a battle-frenzy!
You hit the hobgoblin but do no damage. The hobgoblin closely misses you.
The hobgoblin barely misses you.
You barely miss the hobgoblin. The hobgoblin barely misses you.
The hobgoblin hits you.
You die... #.. #.. ##..## ....# ...## Jr§

#g#
#@#
#g#
#g#
#g#
#g#
#g#
#.#
#..


You could see Robin, an ooze, 2 hobgoblins and a rat.

Vanquished Creatures
  2 bats (D:1)
  A giant cockroach (D:1)
  2 goblins
  A hobgoblin (D:2)
6 creatures vanquished.

Notes
Turn   | Place    | Note
--------------------------------------------------------------
     0 | D:1      | Niuu the Spriggan Wizard began the quest for the Orb.
     0 | D:1      | Reached XP level 1. HP: 9/9 MP: 6/6
   132 | D:1      | Reached skill level 1 in Conjurations
   284 | D:1      | You fall through a shaft!
   284 | D:2      | Noticed Robin
   290 | D:2      | Reached XP level 2. HP: 12/13 MP: 0/8
   301 | D:2      | Slain by a hobgoblin

Vault maps used:
D:1:      onia_arrival_mini_maze
D:2:      xom_butterflies, nicolae_overflow_hidden_temple, first_bread,
          kennysheep_generic_room_15, uniq_robin

Skill      XL: |  1 |
---------------+----+-----
Conjurations   | 1 |  1.4
Dodging        | |  3.0
Stealth        | |  3.0
Spellcasting   | |  4.0
Summonings     | |  0.7
Translocations | |  1.5

Action                   || total
-------------------------++-------
Melee: Unarmed           ||     7
 Cast: Magic Dart        ||    18
  Use: Scroll            ||     3
Dodge: Dodged            ||    26
